[Event "Norway Eliteserien 2023-24"]
[Site "Oslo"]
[Date "2024.03.10"]
[Round "9.23"]
[White "Elmi, Saad Abobaker"]
[Black "Kulaots, Kaido"]
[Result "0-1"]
[ECO "B35"]
[WhiteElo "2323"]
[BlackElo "2525"]
[Annotator "RC"]
[PlyCount "80"]
[EventDate "2023.10.27"]
[EventType "team-tourn"]
[EventCountry "NOR"]
[SourceTitle "playchess.com"]
[Source "ChessBase"]
[SourceQuality "1"]
[TimeControl "40/5400+30:1800+30"]

1. e4 c5 2. Nf3 Nc6 3. Nc3 g6 4. d4 cxd4 5. Nxd4 Bg7 6. Be3 Nf6 7. Bc4 O-O 8. Bb3 Re8 9. f3 e6 10. f4 d6 11. Ndb5 Bf8 12. Qf3 a6 13. Nd4 Na5 14. O-O-O b5 15. f5 exf5 16. exf5 Bb7 17. Qh3 b4 18. Na4 Nxb3+ 19. axb3 Ng4 20. Qxg4 Rxe3 21. Rhf1 Re4 22. Qg3 Bg7 23. Nf3 Re2 24. fxg6 hxg6 25. Rfe1 Rxe1 26. Qxe1 a5 27. Qd2 Rc8 28. Qd3 Qe8 29. Re1 Qc6 30. Kb1 Ba6 31. Qe4 d5 32. Qh4 Qxc2+ 33. Ka2 Bc4 34. Re3 Bd3 35. Re1 Bc4 36. Re3 Bxb3+ 37. Rxb3 Qc6 38. Nb6 Qxb6 39. Ng5 Qd4 40. Qh7+ Kf8 0-1

[Event "Norway Eliteserien 2023-24"]
[Site "Oslo"]
[Date "2024.03.10"]
[Round "9.26"]
[White "Bryn, Askild"]
[Black "Olsen, Michael R. W."]
[Result "0-1"]
[ECO "B23"]
[WhiteElo "2034"]
[BlackElo "2041"]
[Annotator "NA RC"]
[PlyCount "78"]
[EventDate "2023.10.27"]
[EventType "team-tourn"]
[EventCountry "NOR"]
[SourceTitle "playchess.com"]
[Source "ChessBase"]
[SourceQuality "1"]
[TimeControl "40/5400+30:1800+30"]

1. e4 c5 2. Nc3 Nc6 3. f4 e6 4. Nf3 d5 5. d3 d4 6. Ne2 {B23: Sizilianisch (Geschlossenes System).} f5 7. g3 Nf6 8. e5 Nd5 9. Bg2 Be7 10. O-O O-O 11. a3 b6 12. c4 dxc3 13. bxc3 Qd7 14. Ra2 Ba6 15. c4 Nc7 16. Be3 Rad8 17. Rd2 b5 18. d4 bxc4 19. dxc5 Nd5 20. Bf2 Qc8 $11 (20... Na5 $5) 21. Qc2 Na5 22. c6 Nxc6 23. Ra1 Nb6 24. Ned4 Bc5 25. Nxc6 Bxf2+ 26. Rxf2 Qxc6 27. Nd4 Qc8 28. Nc6 Rd7 29. a4 Bb7 30. Nxa7 Qc5 31. Bxb7 Rxb7 32. Nb5 Nd5 33. Qe2 Ra8 34. Nd6 Rb4 35. a5 Rxa5 36. Rxa5 Qxa5 37. Nxc4 Qa1+ 38. Kg2 Rxc4 39. Qh5 Qa8 0-1

[Event "Norway Eliteserien 2023-24"]
[Site "Oslo"]
[Date "2024.03.10"]
[Round "9.31"]
[White "Houska, Jovanka"]
[Black "Kvaloy, Aksel Bu"]
[Result "1/2-1/2"]
[ECO "D38"]
[WhiteElo "2342"]
[BlackElo "2443"]
[Annotator "ChessBase"]
[PlyCount "84"]
[EventDate "2023.10.27"]
[EventType "team-tourn"]
[EventCountry "NOR"]
[SourceTitle "playchess.com"]
[Source "ChessBase"]
[SourceQuality "1"]
[TimeControl "40/5400+30:1800+30"]

1. d4 Nf6 2. Nf3 e6 3. c4 d5 4. cxd5 exd5 5. Nc3 Nbd7 6. Bg5 Bb4 7. Nd2 h6 8. Bh4 g5 9. Bg3 c5 10. e3 Qa5 11. dxc5 Bxc3 12. bxc3 Qxc3 13. Rc1 Qa5 14. Qb3 Ne4 15. Qxd5 Ndf6 16. Qd4 O-O 17. Bd6 Nxd2 18. Qxd2 Qxd2+ 19. Kxd2 Ne4+ 20. Ke1 Nxd6 21. cxd6 Be6 22. h4 Rac8 23. Rxc8 Rxc8 24. hxg5 hxg5 25. g3 Rd8 26. f4 Rxd6 27. Rh5 gxf4 28. gxf4 Rb6 29. a4 Rb2 30. Rb5 Ra2 31. Rxb7 Rxa4 32. Bd3 Kg7 33. e4 a5 34. Ke2 Bc4 35. Bxc4 Rxc4 36. Kd3 Ra4 37. Ra7 Kg6 38. Ra6+ Kh7 39. Ra7 Kg7 40. Ra6 Kh7 41. Ra7 Kg7 42. Ra6 f5 1/2-1/2

[Event "Norway Eliteserien 2023-24"]
[Site "Oslo"]
[Date "2024.03.10"]
[Round "9.32"]
[White "Gjestemoen-VonHirsch, Andre"]
[Black "Bern, Ivar"]
[Result "1-0"]
[ECO "A80"]
[WhiteElo "2309"]
[BlackElo "2300"]
[Annotator "RC"]
[PlyCount "61"]
[EventDate "2023.10.27"]
[EventType "team-tourn"]
[EventCountry "NOR"]
[SourceTitle "playchess.com"]
[Source "ChessBase"]
[SourceQuality "1"]
[TimeControl "40/5400+30:1800+30"]

1. d4 f5 2. Nc3 Nf6 3. Bg5 d5 4. Bxf6 exf6 5. e3 Be6 6. Qf3 Qd7 7. Bd3 Nc6 8. a3 O-O-O 9. Nge2 g5 10. O-O-O Bd6 11. Nb5 Be7 12. g3 a6 13. Nbc3 b5 14. h4 h6 15. Rh2 Bf8 16. Qh1 Na5 17. Ng1 g4 18. Nge2 Kb8 19. Nf4 Bf7 20. b4 Nb7 21. Kd2 c6 22. Ra1 a5 23. Qb1 axb4 24. axb4 Bd6 25. Nce2 Kc7 26. c3 Be6 27. Nxe6+ Qxe6 28. Bxf5 Qg8 29. Rh1 h5 30. Nc1 Ra8 31. Nb3 1-0

[Event "Norway Eliteserien 2023-24"]
[Site "Oslo"]
[Date "2024.03.10"]
[Round "9.33"]
[White "Stokke, Kjetil"]
[Black "Shehzad, Shazil"]
[Result "0-1"]
[ECO "A13"]
[WhiteElo "2302"]
[BlackElo "2265"]
[Annotator "RC"]
[PlyCount "110"]
[EventDate "2023.10.27"]
[EventType "team-tourn"]
[EventCountry "NOR"]
[SourceTitle "playchess.com"]
[Source "ChessBase"]
[SourceQuality "1"]
[TimeControl "40/5400+30:1800+30"]

1. c4 Nf6 2. g3 e6 3. Bg2 d5 4. Nf3 d4 5. d3 c5 6. e4 Nc6 7. e5 Nd7 8. Bf4 Be7 9. h4 Qc7 10. Qe2 b6 11. Nbd2 Bb7 12. O-O-O a6 13. Kb1 b5 14. Ng5 h6 15. Qh5 g6 16. Nxe6 Qc8 17. Ng7+ Kf8 18. Ne6+ Kg8 19. Qg4 Ncxe5 20. Bxb7 Nxg4 21. Bxc8 Rxc8 22. Nc7 Nxf2 23. Nd5 Bd8 24. Ne4 Nxh1 25. Rxh1 bxc4 26. dxc4 Rc6 27. Rf1 Re6 28. Nf2 g5 29. Bd2 gxh4 30. gxh4 Bxh4 31. Nd3 Bg5 32. Be1 f6 33. a3 Kg7 34. Bg3 h5 35. b4 h4 36. Bc7 Rc8 37. bxc5 Rc6 38. Bd6 Nxc5 39. Bxc5 Rxc5 40. Nxc5 Rxc5 41. Kc2 Rxc4+ 42. Kd3 Rc1 43. Rf3 Rd1+ 44. Ke4 d3 45. Nc3 Ra1 46. Rxd3 Rxa3 47. Rd7+ Kh6 48. Nd5 h3 49. Rd8 Kh5 50. Rg8 Kh4 51. Kf5 Rf3+ 52. Ke4 Rf1 53. Nc3 Re1+ 54. Ne2 Rxe2+ 55. Kf3 Re3+ 0-1

[Event "Norway Eliteserien 2023-24"]
[Site "Oslo"]
[Date "2024.03.10"]
[Round "9.34"]
[White "Tallaksen, Levi Andre"]
[Black "Gabrielsen, Stig"]
[Result "1/2-1/2"]
[ECO "E20"]
[WhiteElo "2312"]
[BlackElo "2278"]
[Annotator "RC"]
[PlyCount "66"]
[EventDate "2023.10.27"]
[EventType "team-tourn"]
[EventCountry "NOR"]
[SourceTitle "playchess.com"]
[Source "ChessBase"]
[SourceQuality "1"]
[TimeControl "40/5400+30:1800+30"]

1. d4 Nf6 2. c4 e6 3. Nc3 Bb4 4. f3 Nh5 5. g3 f5 6. Nh3 O-O 7. Bg2 d6 8. f4 Nf6 9. O-O Nc6 10. d5 Ne7 11. Nf2 a5 12. Qd3 e5 13. fxe5 dxe5 14. e4 h6 15. Be3 fxe4 16. Ncxe4 Nf5 17. Nxf6+ Rxf6 18. Ne4 Rf8 19. c5 b6 20. Qb3 a4 21. Qxb4 Nxe3 22. Rxf8+ Qxf8 23. Qd2 Nxg2 24. Rf1 Qe8 25. Kxg2 Qh5 26. h4 Ba6 27. Rf2 Qg4 28. Qb4 h5 29. Qe1 Bc4 30. Nc3 Re8 31. cxb6 cxb6 32. Qe3 b5 33. a3 e4 1/2-1/2

[Event "Norway Eliteserien 2023-24"]
[Site "Oslo"]
[Date "2024.03.10"]
[Round "9.35"]
[White "Demac, Elias"]
[Black "Fiskaaen, Martin Holten"]
[Result "1/2-1/2"]
[ECO "A03"]
[WhiteElo "2212"]
[BlackElo "2154"]
[Annotator "RC"]
[PlyCount "126"]
[EventDate "2023.10.27"]
[EventType "team-tourn"]
[EventCountry "NOR"]
[SourceTitle "playchess.com"]
[Source "ChessBase"]
[SourceQuality "1"]
[TimeControl "40/5400+30:1800+30"]

1. f4 d5 2. Nf3 g6 3. g3 Bg7 4. Bg2 Nf6 5. O-O b6 6. d3 Bb7 7. Qe1 O-O 8. Na3 c5 9. c4 Nc6 10. b3 e6 11. Bb2 d4 12. Nc2 a5 13. a3 Qc7 14. b4 Nd7 15. b5 Ne7 16. e3 dxe3 17. Bxg7 Kxg7 18. Qc3+ Kg8 19. Nxe3 Nf5 20. Rae1 Rad8 21. Nxf5 exf5 22. Re3 Rfe8 23. Rfe1 Rxe3 24. Rxe3 h6 25. a4 Qd6 26. Ne5 Qd4 27. Qxd4 cxd4 28. Re1 Nc5 29. Bxb7 Nxb7 30. Nc6 Rd6 31. Ne7+ Kf8 32. Nc8 Re6 33. Rxe6 fxe6 34. Nxb6 Nc5 35. Kf1 Ke8 36. Nc8 Nxa4 37. Na7 Nc5 38. Nc6 a4 39. Nxd4 a3 40. Nc2 a2 41. Na1 Nxd3 42. Ke2 Nb2 43. c5 Kd7 44. Ke3 Nd1+ 45. Kd4 Nf2 46. Nb3 Ne4 47. Na1 Nd2 48. Kc3 Ne4+ 49. Kd4 h5 50. Nc2 Kc7 51. b6+ Kb7 52. Kc4 Nd2+ 53. Kb5 Nb3 54. c6+ Kb8 55. Kc4 Nd2+ 56. Kc5 Ne4+ 57. Kb5 Nd6+ 58. Ka6 h4 59. gxh4 Kc8 60. Ka7 Nb5+ 61. Ka8 Nc7+ 62. Ka7 Nb5+ 63. Ka8 Nc7+ 1/2-1/2

[Event "Norway Eliteserien 2023-24"]
[Site "Oslo"]
[Date "2024.03.10"]
[Round "9.36"]
[White "Hestholm, Gustav"]
[Black "Abdullah, Mansoor"]
[Result "1-0"]
[ECO "C84"]
[WhiteElo "1942"]
[BlackElo "2270"]
[Annotator "ChessBase"]
[PlyCount "81"]
[EventDate "2023.10.27"]
[EventType "team-tourn"]
[EventCountry "NOR"]
[SourceTitle "playchess.com"]
[Source "ChessBase"]
[SourceQuality "1"]
[TimeControl "40/5400+30:1800+30"]

1. e4 e5 2. Nf3 Nc6 3. Bb5 a6 4. Ba4 Nf6 5. O-O Be7 6. d3 b5 7. Bb3 O-O 8. Nc3 d6 9. a3 Bg4 10. Be3 Na5 11. Ba2 c5 12. Nd5 Nc6 13. c3 a5 14. h3 Be6 15. Qd2 a4 16. Ng5 Bxd5 17. exd5 Na5 18. c4 Nd7 19. Nf3 f5 20. Qc2 g5 21. Bd2 h5 22. Bc3 g4 23. hxg4 hxg4 24. Ne1 Bg5 25. Qe2 Rf7 26. g3 Rg7 27. Kg2 Qf6 28. Rh1 Rf8 29. Bxa5 b4 30. axb4 Bh6 31. Nc2 Qg6 32. bxc5 Nxc5 33. Bd2 f4 34. gxf4 exf4 35. Kg1 Re8 36. Qf1 g3 37. Rh3 g2 38. Qd1 Nxd3 39. Qh5 Ne5 40. Qxg6 Rxg6 41. Nd4 1-0

[Event "Norway Eliteserien 2023-24"]
[Site "Oslo"]
[Date "2024.03.10"]
[Round "9.41"]
[White "Notkevich, Benjamin Arvola"]
[Black "Brkic, Ante"]
[Result "1/2-1/2"]
[ECO "B97"]
[WhiteElo "2462"]
[BlackElo "2633"]
[Annotator "TA"]
[PlyCount "100"]
[EventDate "2023.10.27"]
[EventType "team-tourn"]
[EventCountry "NOR"]
[SourceTitle "playchess.com"]
[Source "ChessBase"]
[SourceQuality "1"]
[TimeControl "40/5400+30:1800+30"]

1. e4 c5 2. Nf3 d6 3. d4 cxd4 4. Nxd4 Nf6 5. Nc3 a6 6. Bg5 e6 7. f4 Qb6 8. Qd2 Qxb2 9. Rb1 Qa3 10. e5 h6 11. Bh4 dxe5 12. fxe5 Nfd7 13. Ne4 $1 {[#] Strongly threatening Be2.} Qxa2 14. Rd1 {Be2 is the strong threat.} Qd5 (14... Nxe5 15. Nxe6 (15. Nb5 f6 $18) 15... f5 (15... fxe6 $2 16. Be2 $18) 16. Nxf8 $18 (16. Nc7+ Kf7 $16)) 15. Qe3 Qxe5 {Threatens to win with ...Bb4+.} 16. Be2 Bc5 $1 {And now ...Bb6 would win.} 17. Bg3 Qd5 {...0-0 would now be deadly.} 18. c4 Bxd4 $1 19. Rxd4 Qa5+ 20. Rd2 O-O {White should prevent ...f5.} 21. Bd6 $1 f5 22. Bxf8 Nxf8 23. Nd6 Nbd7 24. O-O {[#] Hoping for Nxc8.} Qc5 25. Qxc5 Nxc5 26. Bf3 a5 27. Rb1 Nfd7 ({Black should play} 27... a4 $11) 28. Bxb7 {White is much more active.} (28. Nxb7 $14 Bxb7 29. Rxb7 (29. Bxb7 Ra7 $11) 29... Nxb7 30. Bxb7) 28... Bxb7 $11 {The position is equal.} 29. Nxb7 a4 30. Rb5 Rc8 31. Nxc5 Nxc5 {[%mdl 4096] Endgame. KRR-KRN} 32. Rdb2 Kf7 33. Ra5 Ke7 34. Rb6 g5 35. Kf1 h5 36. Ke2 Kf6 37. g3 h4 38. Ke3 hxg3 39. hxg3 g4 40. Ra7 Ke5 41. Ra5 Kf6 42. Ra7 Ne4 43. Raa6 Re8 44. Kf4 Nc5 45. Ra5 Rc8 46. Ke3 {Against Nd3} Rc7 47. Ra8 Nd7 48. Rb4 Nc5 49. Rb6 Nd7 50. Rb4 Nc5 {[%emt 2:13:46] Weighted Error Value: White=0.02 (flawless) /Black=0.05 (flawless) .  Mistake:       	White=1     	Black=1      Inaccurate:     	---       	Black=1      OK:         	White=22    	Black=13     Best:        	White=4     	Black=2      Strong:       	White=2     	Black=2} 1/2-1/2

[Event "Norway Eliteserien 2023-24"]
[Site "Oslo"]
[Date "2024.03.10"]
[Round "9.42"]
[White "Asker-A. Jankovic"]
[Black "Vestby-Ellingsen, Mads"]
[Result "1-0"]
[ECO "E12"]
[WhiteElo "2550"]
[BlackElo "2338"]
[Annotator "TA"]
[PlyCount "83"]
[EventDate "2023.10.27"]
[EventType "team-tourn"]
[EventCountry "NOR"]
[SourceTitle "playchess.com"]
[Source "ChessBase"]
[SourceQuality "1"]
[TimeControl "40/5400+30:1800+30"]

1. d4 Nf6 2. Nf3 e6 3. c4 b6 4. a3 Bb7 5. Nc3 d5 6. Qa4+ Qd7 7. Qxd7+ Nbxd7 8. Nb5 Bd6 {The position is equal.} 9. Nd2 a6 10. Nxd6+ cxd6 11. cxd5 Bxd5 12. f3 Ke7 13. a4 Bb7 14. e4 {[%cal Be2e4,Be4e5][%mdl 32] Prevents Nd5} d5 {White stays focused until the end.} 15. e5 Ne8 16. b3 f6 17. f4 Rc8 18. Bd3 f5 (18... a5 $16 19. Ba3+ Kd8) 19. Ba3+ $18 Kf7 (19... Kd8 $16 {was necessary.} 20. Nf3 h6) 20. Nf3 h6 {Prevents Ng5+. Black is weak on the dark squares} 21. Kd2 g6 {[#]} 22. g4 $1 Ng7 (22... fxg4 23. Nh4) 23. Rag1 Rcg8 24. Nh4 h5 (24... b5 $142 25. axb5 axb5 26. gxf5 (26. Bxb5 Ra8 $18) 26... Nxf5) 25. gxf5 Nxf5 26. Nf3 Kg7 27. Bxf5 exf5 28. Nh4 Kf7 29. e6+ Kxe6 30. Re1+ ({Inferior is} 30. Rxg6+ Rxg6 31. Nxg6 Rh6 32. Re1+ Kf7 $14) (30. Nxg6 Rh7 31. Nh4 Rxg1 32. Rxg1 Nf6 $18) 30... Kf6 31. Re7 Rg7 32. Rhe1 Rxe7 33. Rxe7 Bc8 34. Bd6 (34. Nf3 $142 {White wants to mate with Ng5.} g5 35. fxg5+ (35. Nxg5 h4 $18) 35... Kg6 36. Re6+ Kf7 37. Rc6) 34... Rd8 $2 (34... g5) 35. Nf3 {Ng5 would kill now.} Nf8 {[#]} 36. Ng5 $1 Be6 {Inhibits Rf7+.} 37. Ba3 Bg8 38. Rc7 {Threatening mate with Be7+.} Nd7 39. h4 a5 $2 (39... Bf7 {is a better defense.} 40. Bb4 Bg8) 40. Bd6 {Ra7 would now be deadly.} Be6 $2 (40... Bf7 41. Ke1 Bg8) 41. Rc6 {Bc7 is the strong threat.} Re8 42. Be5+ {[%emt 1:53:47] Weighted Error Value: White=0.21 (precise) /Black=0.42.  Mistake:       	White=1     	Black=6      Inaccurate:     	White=1     	Black=4      OK:         	White=16    	Black=7      Best:        	White=6     	Black=4} 1-0

[Event "Norway Eliteserien 2023-24"]
[Site "Oslo"]
[Date "2024.03.10"]
[Round "9.43"]
[White "Lund, Gunnar"]
[Black "Tisdall, Jonathan D"]
[Result "1-0"]
[ECO "D77"]
[WhiteElo "2321"]
[BlackElo "2375"]
[Annotator "RC"]
[PlyCount "69"]
[EventDate "2023.10.27"]
[EventType "team-tourn"]
[EventCountry "NOR"]
[SourceTitle "playchess.com"]
[Source "ChessBase"]
[SourceQuality "1"]
[TimeControl "40/5400+30:1800+30"]

1. Nf3 Nf6 2. d4 d5 3. c4 e6 4. g3 g6 5. Bg2 Bg7 6. O-O O-O 7. Qc2 Nc6 8. Rd1 a5 9. a3 Ne4 10. Nc3 Nxc3 11. Qxc3 a4 12. Bf4 Nxd4 13. Nxd4 c5 14. Be3 Qe7 15. cxd5 exd5 16. Bxd5 cxd4 17. Bxd4 Bxd4 18. Rxd4 Ra6 19. Qd2 Be6 20. Bf3 b5 21. Qh6 Rd6 22. Rad1 Rxd4 23. Rxd4 Rc8 24. Kg2 Rc2 25. Rh4 f5 26. Qe3 Rxb2 27. Qe5 Rd2 28. Qxb5 Bd7 29. Qc4+ Qf7 30. Qb4 Rd1 31. Rd4 Rxd4 32. Qxd4 h5 33. h4 Qe7 34. Qc3 Be6 35. Qc6 1-0

[Event "Norway Eliteserien 2023-24"]
[Site "Oslo"]
[Date "2024.03.10"]
[Round "9.44"]
[White "Sahl, Bjarke"]
[Black "Schouten, Mathias Lind"]
[Result "1/2-1/2"]
[ECO "D37"]
[WhiteElo "2216"]
[BlackElo "2291"]
[Annotator "RC"]
[PlyCount "57"]
[EventDate "2023.10.27"]
[EventType "team-tourn"]
[EventCountry "NOR"]
[SourceTitle "playchess.com"]
[Source "ChessBase"]
[SourceQuality "1"]
[TimeControl "40/5400+30:1800+30"]

1. d4 Nf6 2. c4 e6 3. Nc3 d5 4. Nf3 Be7 5. e3 O-O 6. a3 c5 7. dxc5 dxc4 8. Qc2 Bxc5 9. Bxc4 a6 10. O-O Qc7 11. Ba2 Nbd7 12. b4 Bd6 13. Bb2 b5 14. Rac1 Bb7 15. Rfd1 Rad8 16. Nxb5 Qxc2 17. Rxc2 Bxb4 18. axb4 axb5 19. Rcd2 Ra8 20. Bb3 Nb6 21. Bd4 Nbd5 22. Bc5 Rfc8 23. Nd4 Nc3 24. Rc1 Nfe4 25. Rdc2 Nxc5 26. Rxc3 Nd3 27. Rxc8+ Rxc8 28. Rxc8+ Bxc8 29. Nxb5 1/2-1/2

[Event "Norway Eliteserien 2023-24"]
[Site "Oslo"]
[Date "2024.03.10"]
[Round "9.45"]
[White "Myagmarsuren, Evsuld"]
[Black "Aulin-Jansson, Joran"]
[Result "0-1"]
[ECO "B90"]
[WhiteElo "2142"]
[BlackElo "2102"]
[Annotator "RC"]
[PlyCount "118"]
[EventDate "2023.10.27"]
[EventType "team-tourn"]
[EventCountry "NOR"]
[SourceTitle "playchess.com"]
[Source "ChessBase"]
[SourceQuality "1"]
[TimeControl "40/5400+30:1800+30"]

1. e4 c5 2. Nf3 d6 3. d4 cxd4 4. Nxd4 Nf6 5. Nc3 a6 6. Be3 e5 7. Nb3 Be6 8. f3 Be7 9. Qd2 O-O 10. O-O-O Nc6 11. g4 a5 12. a4 Nb4 13. Kb1 Qc7 14. g5 Nd7 15. h4 Nb6 16. h5 Nc4 17. Bxc4 Qxc4 18. Nc1 Rfd8 19. g6 d5 20. h6 fxg6 21. hxg7 d4 22. Bxd4 exd4 23. Qh6 Kf7 24. Qxh7 Rg8 25. f4 Rxg7 26. Qh6 dxc3 27. f5 cxb2 28. fxe6+ Qxe6 29. Rdf1+ Ke8 30. Nb3 Rg8 31. Qh7 Rc8 32. Rh2 Rf8 33. Rxf8+ Bxf8 34. Qxb7 Qc6 35. Nxa5 Qxb7 36. Nxb7 Rb8 37. Rh7 Na6 38. e5 Nc5 39. Nxc5 Bxc5 40. Rg7 Rb6 41. a5 Ra6 42. c3 Kf8 43. Rc7 Ba3 44. Rb7 Rxa5 45. Rb3 Kf7 46. c4 Ke6 47. Rg3 Kf5 48. e6 Bd6 49. e7 Bxe7 50. Kxb2 g5 51. Rf3+ Kg6 52. Re3 Bc5 53. Re8 g4 54. Kc2 Kf5 55. Kd2 g3 56. Rg8 g2 57. Kc3 g1=Q 58. Rxg1 Bxg1 59. Kb4 Rc5 0-1

[Event "Norway Eliteserien 2023-24"]
[Site "Oslo"]
[Date "2024.03.10"]
[Round "9.46"]
[White "Strand, Vetle Bjorge"]
[Black "Machlik, Monika"]
[Result "1-0"]
[ECO "B13"]
[WhiteElo "2089"]
[BlackElo "2068"]
[Annotator "RC"]
[PlyCount "107"]
[EventDate "2023.10.27"]
[EventType "team-tourn"]
[EventCountry "NOR"]
[SourceTitle "playchess.com"]
[Source "ChessBase"]
[SourceQuality "1"]
[TimeControl "40/5400+30:1800+30"]

1. e4 c6 2. d4 d5 3. exd5 cxd5 4. Bd3 Nc6 5. c3 e6 6. Bf4 Nge7 7. Nf3 f6 8. O-O g5 9. Bxg5 fxg5 10. Nxg5 Rg8 11. Nxh7 Bg7 12. Re1 Qd6 13. Ng5 Qf4 14. Qh5+ Kd8 15. g3 Qf6 16. Nd2 Kc7 17. Ndf3 Bd7 18. Re2 Raf8 19. Nh4 Rh8 20. Nh7 Qf7 21. Qxf7 Rxf7 22. Ng5 Rf6 23. Rae1 Kd6 24. f4 Bh6 25. Ngf3 Rg8 26. Kf2 Nf5 27. Ng2 Kc7 28. Rg1 Bf8 29. Nge1 Nh6 30. h3 Bd6 31. Ng2 Rgf8 32. Ne5 Nxe5 33. dxe5 Bc5+ 34. Ne3 R6f7 35. b4 Bb6 36. Kf3 Bc6 37. b5 d4+ 38. bxc6 dxe3 39. cxb7 Kxb7 40. Bc4 Rc7 41. Bxe6 Rxc3 42. g4 Rc5 43. Ke4 Ra5 44. Rc1 Rd8 45. g5 Ng8 46. g6 Ra4+ 47. Kf3 Ne7 48. g7 Rdd4 49. f5 Rf4+ 50. Kg2 Rae4 51. f6 Rxf6 52. exf6 Rxe6 53. fxe7 Rg6+ 54. Kh1 1-0

[Event "Norway Eliteserien 2023-24"]
[Site "Oslo"]
[Date "2024.03.10"]
[Round "9.51"]
[White "SK 1911-I. Can"]
[Black "Sklyarov, Dmitry V."]
[Result "1-0"]
[ECO "C10"]
[WhiteElo "2512"]
[BlackElo "2450"]
[Annotator "NA"]
[PlyCount "79"]
[EventDate "2023.10.27"]
[EventType "team-tourn"]
[EventCountry "NOR"]
[SourceTitle "playchess.com"]
[Source "ChessBase"]
[SourceQuality "1"]
[TimeControl "40/5400+30:1800+30"]

1. e4 e6 2. d4 d5 3. Nc3 Nc6 4. Nf3 Nf6 5. e5 Ne4 6. Bd3 Bb4 7. Bd2 Bxc3 8. bxc3 b6 9. Qe2 Bb7 10. O-O Na5 11. Ne1 Qe7 12. a4 c5 13. f3 Nxd2 14. Qxd2 Bc6 15. f4 c4 16. Be2 Qd7 17. f5 exf5 18. Qg5 g6 19. g4 fxg4 20. Bxg4 Qe7 21. Rf6 h5 22. Bh3 Bd7 23. Bxd7+ Qxd7 24. e6 fxe6 25. Qxg6+ Kd8 26. Rf7 Qe8 27. Ng2 Rb8 28. Qf6+ Kc8 29. Re1 Rb7 30. Rxe6 Qd8 31. Ree7 Rxe7 32. Rxe7 Kb8 33. Qe6 Rf8 34. Rd7 Qf6 35. Qxf6 Rxf6 36. Ne3 Rf3 37. Nxd5 Nb3 38. cxb3 cxb3 39. Re7 a5 40. Re6 1-0

[Event "Norway Eliteserien 2023-24"]
[Site "Oslo"]
[Date "2024.03.10"]
[Round "9.52"]
[White "Mikalsen, Erlend"]
[Black "SK 1911-A. Isik"]
[Result "0-1"]
[ECO "B32"]
[WhiteElo "2341"]
[BlackElo "2436"]
[Annotator "NA"]
[PlyCount "60"]
[EventDate "2023.10.27"]
[EventType "team-tourn"]
[EventCountry "NOR"]
[SourceTitle "playchess.com"]
[Source "ChessBase"]
[SourceQuality "1"]
[TimeControl "40/5400+30:1800+30"]

1. e4 c5 2. Nf3 Nc6 3. d4 cxd4 4. Nxd4 e5 5. Nb5 d6 6. g3 Nf6 7. Bg5 Qa5+ 8. Bd2 Qd8 9. Bg5 a6 10. Bxf6 gxf6 11. N5c3 f5 12. Qh5 Nd4 13. Bc4 Nxc2+ 14. Kd1 Qc7 15. Nd2 Nxa1 16. Nd5 Qc5 17. b4 Qd4 18. Nc7+ Kd8 19. Nxa8 Be7 20. Re1 b5 21. Bxf7 Bb7 22. Bd5 Bxd5 23. exd5 Qxd5 24. Qf3 Qxf3+ 25. Nxf3 Kd7 26. Nb6+ Kc6 27. Kd2 Kxb6 28. Rxa1 Rc8 29. Rc1 Rxc1 30. Kxc1 Kc6 0-1

[Event "Norway Eliteserien 2023-24"]
[Site "Oslo"]
[Date "2024.03.10"]
[Round "9.53"]
[White "Risting, Eivind Olav"]
[Black "Nielsen, Andre"]
[Result "1/2-1/2"]
[ECO "E21"]
[WhiteElo "2324"]
[BlackElo "2271"]
[Annotator "RC"]
[PlyCount "37"]
[EventDate "2023.10.27"]
[EventType "team-tourn"]
[EventCountry "NOR"]
[SourceTitle "playchess.com"]
[Source "ChessBase"]
[SourceQuality "1"]
[TimeControl "40/5400+30:1800+30"]

1. d4 Nf6 2. c4 e6 3. Nc3 Bb4 4. Nf3 O-O 5. Bd2 b6 6. e3 Bb7 7. Bd3 Bxc3 8. Bxc3 Ne4 9. Bxe4 Bxe4 10. d5 c5 11. Nd2 Bg6 12. h4 b5 13. cxb5 Qb6 14. h5 Bd3 15. h6 exd5 16. Bxg7 Re8 17. a4 a6 18. Nf3 Be4 19. b4 1/2-1/2

[Event "Norway Eliteserien 2023-24"]
[Site "Oslo"]
[Date "2024.03.10"]
[Round "9.54"]
[White "Bruaset, Eivind"]
[Black "Wallace, John Paul"]
[Result "1/2-1/2"]
[ECO "B90"]
[WhiteElo "2239"]
[BlackElo "2365"]
[Annotator "RC"]
[PlyCount "86"]
[EventDate "2023.10.27"]
[EventType "team-tourn"]
[EventCountry "NOR"]
[SourceTitle "playchess.com"]
[Source "ChessBase"]
[SourceQuality "1"]
[TimeControl "40/5400+30:1800+30"]

1. e4 c5 2. Nf3 d6 3. d4 cxd4 4. Nxd4 Nf6 5. Nc3 a6 6. h3 g6 7. Be3 Bg7 8. g3 b5 9. Bg2 Bb7 10. O-O Qc8 11. Qd2 Nbd7 12. a4 b4 13. Nd5 e5 14. Nb3 Nxd5 15. exd5 a5 16. Rfd1 O-O 17. Rac1 f5 18. c4 Qe8 19. c5 dxc5 20. Nxc5 Nxc5 21. Bxc5 Rf7 22. d6 Bxg2 23. Kxg2 Qc6+ 24. Qd5 Qxd5+ 25. Rxd5 Rb7 26. d7 Rd8 27. Rcd1 Kf7 28. b3 e4 29. Be3 Ke7 30. Bc5+ Kf7 31. Be3 Ke7 32. Rxa5 Rdxd7 33. Rxd7+ Kxd7 34. Ra7 Rxa7 35. Bxa7 Kc6 36. Be3 Be5 37. f3 Bc7 38. fxe4 fxe4 39. g4 Kd5 40. Kf2 Bd8 41. Kg3 Bc7+ 42. Kf2 Bd8 43. Kg3 Bc7+ 1/2-1/2

[Event "Norway Eliteserien 2023-24"]
[Site "Oslo"]
[Date "2024.03.10"]
[Round "9.55"]
[White "Lindbol, Aleksander"]
[Black "Skaar, Ben Samuel Groth"]
[Result "1-0"]
[ECO "B33"]
[WhiteElo "2229"]
[BlackElo "1980"]
[Annotator "RC"]
[PlyCount "105"]
[EventDate "2023.10.27"]
[EventType "team-tourn"]
[EventCountry "NOR"]
[SourceTitle "playchess.com"]
[Source "ChessBase"]
[SourceQuality "1"]
[TimeControl "40/5400+30:1800+30"]

1. e4 c5 2. Nf3 Nc6 3. d4 cxd4 4. Nxd4 Nf6 5. Nc3 e5 6. Ndb5 d6 7. Bg5 a6 8. Na3 b5 9. Nd5 Be7 10. Bxf6 Bxf6 11. c4 b4 12. Nc2 O-O 13. Be2 a5 14. O-O g6 15. Qd3 Bg7 16. Rad1 Be6 17. Nde3 Qb6 18. Bg4 Rad8 19. b3 Ne7 20. Qe2 f5 21. Bh3 Qb7 22. exf5 Nxf5 23. Nxf5 gxf5 24. Ne3 Qf7 25. Nd5 Rc8 26. Rd2 Bh6 27. Ne3 Rfd8 28. Rfd1 Bf8 29. Qf3 f4 30. Bxe6 Qxe6 31. Qg4+ Qxg4 32. Nxg4 Be7 33. f3 Kf7 34. Rd5 a4 35. Nf2 axb3 36. axb3 Rc5 37. Rxc5 dxc5 38. Rxd8 Bxd8 39. g3 fxg3 40. hxg3 Kf6 41. Ne4+ Kf5 42. g4+ Kf4 43. Kf2 Be7 44. Ke2 h5 45. gxh5 Bf8 46. Kf2 Kf5 47. Kg3 Bh6 48. Nxc5 Be3 49. Ne4 Bf4+ 50. Kf2 Ke6 51. Ke2 Kd7 52. Kd3 Kc6 53. Nf6 1-0